 Dungeon Crawl Stone Soup version 0.20.1-1-g8b1a95d (webtiles) character file.

32 slep the Skirmisher (level 3, -7/29 HPs)
             Began as a Demonspawn Fighter on Oct 23, 2017.
             Mangled by a worm (8 damage)
             ... on level 2 of the Dungeon.
             The game lasted 00:05:31 (1072 turns).

slep the Skirmisher (Demonspawn Fighter)            Turns: 1072, Time: 00:05:31

Health: -7/29      AC: 11    Str: 16    XL:     3   Next: 8%
Magic:  3/3        EV:  6    Int:  9    God:
Gold:   127        SH:  9    Dex: 13    Spells: 2/2 levels left

rFire    . . .     SeeInvis .   a - +0 long sword
rCold    . . .     Gourm    .   c - +0 shield
rNeg     . . .     Faith    .   b - +0 scale mail
rPois    .         Spirit   .   (no helmet)
rElec    .         Reflect  .   t - +0 cloak
rCorr    .         Harm     .   n - +0 pair of gloves
MR       .....     Rnd*Tele +   (no boots)
Stlth    ..........             u - amulet of inaccuracy (curse)
Regen    0.1/turn               k - ring of teleportation (curse)
MPRegen  0.1/turn               l - ring of flight

@: no status effects
A: icy blue scales 1
a: Evoke Flight


You were on level 2 of the Dungeon.
You were not hungry.

You visited 1 branch of the dungeon, and saw 2 of its levels.

You collected 127 gold pieces.

Inventory:

Hand Weapons
 a - a +0 long sword (weapon)
 s - a +2 spear of piercing
Armour
 b - a +0 scale mail (worn)
 c - a +0 shield (worn)
 n - a +0 pair of gloves (worn)
 t - a +0 cloak (worn)
Jewellery
 k - a cursed ring of teleportation (left hand)
 l - a ring of flight (right hand)
 r - an uncursed ring of ice
 u - a cursed amulet of inaccuracy (around neck)
Scrolls
 e - a scroll of blinking {unknown}
 p - a scroll of identify {unknown}
 q - a scroll of enchant armour {unknown}
Potions
 d - 3 potions of might
 g - a potion of curing
 i - a potion of haste {unknown}
 j - a potion of brilliance {unknown}
 m - 2 potions of heal wounds {unknown}
Comestibles
 f - a bread ration
 h - a royal jelly
 o - a meat ration


   Skills:
 + Level 3.2 Fighting
 + Level 2.4 Long Blades
 + Level 2.9 Armour
 + Level 0.1 Dodging
 + Level 3.0 Shields


You had 2 spell levels left.
You didn't know any spells.

Dungeon Overview and Level Annotations

Branches:
Dungeon (2/15)

Altars:
Cheibriados


Innate Abilities, Weirdness & Mutations

You are partially covered in icy blue scales. (AC +2)


Message History

Your shield and scale mail prevent you from hitting the adder.
The adder is lightly wounded.
You block the adder's attack. The adder bites you.
* * * LOW HITPOINT WARNING * * *
You closely miss the adder.
The adder is lightly wounded.
The adder bites you.
* * * LOW HITPOINT WARNING * * *
The worm bites you but does no damage. You block the adder's attack.
You completely miss the adder.
The adder is lightly wounded.
You feel sick.
You are no longer poisoned.
You block the adder's attack. The worm bites you.
* * * LOW HITPOINT WARNING * * *
The adder barely misses you.
You closely miss the adder.
The adder is lightly wounded.
You block the adder's attack. The worm bites you!
You die...

.. ....#.#
#...##..........
...............#
...........##.#
.......?.).# #
#?........#.#
#...........#
#........# #+###
#...w@S..#
####...........######
...............
#####..........
.......w .......
....... .......


You could see a worm and an adder.

Vanquished Creatures
  A worm (D:2)
  A dart slug (D:2)
  2 giant cockroaches (D:1)
  4 goblins
  4 hobgoblins (D:1)
  A quokka (D:2)
  3 bats (D:1)
  2 frilled lizards (D:2)
  2 kobolds (D:1)
  6 rats
26 creatures vanquished.

Notes
Turn   | Place    | Note
-------+----------+-------------------------------------------
     0 | D:1      | slep the Demonspawn Fighter began the quest for the Orb.
     0 | D:1      | Reached XP level 1. HP: 18/18 MP: 1/1
   191 | D:1      | Gained mutation: You are partially covered in icy blue scales. (AC +2) [demonic ancestry]
   191 | D:1      | Reached XP level 2. HP: 24/24 MP: 2/2
   673 | D:2      | Found a snail-covered altar of Cheibriados.
   897 | D:2      | Reached XP level 3. HP: 29/29 MP: 3/3
  1071 | D:2      | HP: 1/29 [worm (5)]
  1072 | D:2      | Mangled by a worm

Skill      XL: |  1  2 |
---------------+-------+-----
Shields        | 3 |  3.0
Long Blades    | 2 |  2.4
Fighting       | |  3.2
Armour         | |  2.9
Dodging        | |  0.1

Action                   || total
-------------------------++-------
Melee: Long sword        ||   101
  Use: Potion            ||     1
  Eat: Chunk             ||     1
Armor: Scale mail        ||    50
Dodge: Dodged            ||    31
Block: Shield            ||    57
       Rpst.: Long sword ||    11
